 Dungeon Crawl Stone Soup version 0.23.0-33-g5e6c059 (webtiles) character file.

Game seed: 6878639837661757850

18368 Hasart the Thaumaturge (level 12, -1/59 HPs)
             Began as a Deep Elf Earth Elementalist on Feb 26, 2019.
             Was an Elder of Vehumet.
             Slain by a hippogriff (8 damage)
             ... on level 2 of the Lair of Beasts.
             The game lasted 00:37:46 (13907 turns).

Hasart the Thaumaturge (DEEE)                      Turns: 13907, Time: 00:37:47

Health: -1/59      AC:  7    Str:  5    XL:     12   Next: 27%
Magic:  5/32       EV: 17    Int: 26    God:    Vehumet [****..]
Gold:   801        SH:  0    Dex: 15    Spells: 24/40 levels left

rFire    + . .     SeeInvis .   F - +3 dire flail (venom)
rCold    + . .     Gourm    .   (shield currently unavailable)
rNeg     . . .     Faith    .   C - +2 robe {rC+ rF+}
rPois    +         Spirit   .   (no helmet)
rElec    .         Reflect  .   w - +1 cloak
rCorr    .         Harm     .   E - +0 pair of gloves
MR       +....                  (no boots)
Stlth    ++........             (no amulet)
HPRegen  0.19/turn              y - ring of poison resistance
MPRegen  0.23/turn              (no ring)

@: no status effects
A: no striking features
a: Renounce Religion


You were on level 2 of the Lair of Beasts.
You worshipped Vehumet.
Vehumet was greatly pleased with you.
You were not hungry.

You visited 4 branches of the dungeon, and saw 15 of its levels.
You also visited: Ossuary and Gauntlet.

You collected 801 gold pieces.

Inventory:

Hand Weapons
 F - a +3 dire flail of venom (weapon)
 L - a +1 dagger of electrocution
Missiles
 G - 111 stones (quivered)
Armour
 w - a +1 cloak (worn)
 C - a +2 robe of resistance (worn)
 E - a +0 pair of gloves (worn)
 N - a +0 troll leather armour
Jewellery
 y - a ring of poison resistance (left hand)
Wands
 c - a wand of acid (9)
 j - a wand of clouds (7)
 D - a wand of iceblast (13)
 I - a wand of disintegration (8)
 M - a wand of enslavement (12)
 O - a wand of flame (21)
Scrolls
 a - 4 scrolls of teleportation {unknown}
 e - 4 scrolls of blinking {unknown}
 f - 4 scrolls of enchant weapon {unknown}
 g - 2 scrolls of fear {unknown}
 h - 8 scrolls of magic mapping {unknown}
 n - a scroll of immolation {unknown}
 o - 6 scrolls of enchant armour {unknown}
 p - 3 scrolls of remove curse
 u - a scroll of fog {unknown}
 v - a scroll of amnesia {unknown}
 B - 10 scrolls of identify {unknown}
 H - a scroll of vulnerability {unknown}
 J - a scroll of holy word {unknown}
 K - a scroll of silence {unknown}
 P - a scroll of noise {unknown}
Potions
 i - 3 potions of brilliance {unknown}
 k - 2 potions of mutation {unknown}
 l - 3 potions of ambrosia {unknown}
 m - 2 potions of heal wounds {unknown}
 q - a potion of haste {unknown}
 r - a potion of experience {unknown}
 s - a potion of might
 t - 7 potions of curing {unknown}
 x - 3 potions of agility {unknown}
 z - 2 potions of flight {unknown}
 A - 2 potions of lignification {unknown}
Comestibles
 d - 22 rations


   Skills:
 - Level 4.0 Armour
 - Level 8.0 Dodging
 - Level 2.4 Stealth
 * Level 14.7 Spellcasting
 + Level 11.5 Conjurations
   Level 1.1 Transmutations
 + Level 11.4 Earth Magic


You had 24 spell levels left.
You knew the following spells:

 Your Spells              Type           Power        Failure   Level  Hunger
a - Stone Arrow           Conj/Erth      ######       1%          3    None
b - Sandblast             Erth           ######       1%          1    None
c - Lee's Rapid Deconstr  Erth           ######....   1%          5    #......
d - Swiftness             Chrm/Air       ###.....     4%          2    None
e - Bolt of Magma         Conj/Fire/Erth ######....   1%          5    #......

Your spell library contained the following spells:

 Spells                   Type           Power        Failure   Level  Hunger
 Beastly Appendage        Tmut           ###...       1%          1    None
 Shock                    Conj/Air       ####         1%          1    None
 Passwall                 Tmut/Erth      ######..     1%          2    None
 Static Discharge         Conj/Air       #####...     1%          3    None
 Animate Skeleton         Necr           N/A          2%          1    None
 Apportation              Tloc           ###...       2%          1    None
 Confusing Touch          Hex            ###...       2%          1    None
 Summon Small Mammal      Summ           ###.         2%          1    None
 Sticks to Snakes         Tmut           ###.....     2%          2    None
 Petrify                  Tmut/Erth      ######..     2%          4    None
 Lightning Bolt           Conj/Air       #####.....   2%          5    #......
 Spider Form              Tmut/Pois      ###.......   7%          3    None
 Airstrike                Air            ###.......   8%          4    None
 Ice Form                 Ice/Tmut       ###.....     22%         4    None
 Blade Hands              Tmut           ###.......   45%         5    #......


Dungeon Overview and Level Annotations

Branches:
Dungeon (11/15)            Temple (1/1) D:5            Lair (1/6) D:8
    Orc (1/2) D:9

Altars:
Ashenzari
Cheibriados
Dithmenos
Elyvilon
Fedhas
Gozag
Hepliaklqana
Kikubaaqudgha
Makhleb
Nemelex Xobeh
Okawaru
Qazlal
Ru
Sif Muna
Trog
Vehumet
Wu Jian
Xom
Yredelemnul
Zin
The Shining One

Shops:
D:4 [((


Message History

Aiming: Lee's Rapid Deconstruction (safe; 1% risk of failure)
Press: ? - help, Dir - move target cursor A rock wall.
The wall shatters!
The blast of rock fragments hits the hippogriff!
The hippogriff is lightly wounded.
The blast of rock fragments hits the hippogriff!!
The hippogriff is heavily wounded.
The hippogriff bites you! The hippogriff pecks you! The hippogriff claws you.
Unknown command.
Unknown command.
As you read the scroll labeled CEDYDDUXKU, it crumbles to dust.
Your body is wracked with pain!
* * * LOW HITPOINT WARNING * * *
The hippogriff convulses! x2; It was a scroll of torment.
The hippogriff barely misses you. The hippogriff closely misses you.
The hippogriff claws you.
* * * LOW HITPOINT WARNING * * *
The hippogriff barely misses you. The hippogriff pecks you!
You die...

##.. ###.#P.#.#..##P....
.....##P.#...............
....$....H†.<......F....†
.P..##.##..P#.#.##...#.#
.........P....#..#....#.#
.###.###..!##...........P
# #...##.#.###..##.#
#HH.###### #.#...# #@..#
####P.. #...# .... #....#
#P.# .....# ##.P #.P.##
.# ....# ....# ..P..


You could see 2 hippogriffs.

Vanquished Creatures
  Fannar (Lair:2)
  Josephine (D:10)
  5 two-headed ogres
  2 skeletal warriors (D:11)
  An unseen horror (D:10)
  A deep elf mage (D:7)
  An ugly thing (D:7)
  A manticore (D:11)
  A gargoyle (D:10)
  A spiny frog (Lair:2)
  A komodo dragon (Lair:2)
  2 trolls
  A polar bear (Lair:2)
  Grinder (D:6)
  A merfolk (D:10)
  4 hippogriffs
  Sigmund (D:5)
  A wyvern (D:10)
  A basilisk (Lair:2)
  5 wraiths (D:10)
  2 hungry ghosts (D:9)
  Edmund (D:6)
  An acid dragon (D:11)
  2 wargs (D:8)
  A water moccasin (D:9)
  A swamp drake (D:9)
  2 ice beasts
  5 orc warriors
  A black bear (D:4)
  A sky beast (D:5)
  A hornet zombie (D:9)
  5 phantoms
  5 ogres
  3 centaurs
  3 big kobolds (D:7)
  2 elf zombies (Ossuary)
  7 bullfrogs
  A gnoll sergeant (D:10)
  4 scorpions
  A water moccasin skeleton (D:6)
  2 killer bees (D:7)
  5 wights (D:8)
  5 howler monkeys
  2 bullfrog zombies
  4 crimson imps
  2 human zombies (Ossuary)
  A quasit (D:9)
  5 centaur zombies
  Crazy Yiuf (D:2)
  8 orc priests
  8 hounds
  5 jellies
  Jessica (D:2)
  3 bullfrog skeletons
  4 iguanas
  7 worker ants
  11 orc wizards
  A hound zombie (D:6)
  A hound skeleton (D:5)
  4 mummies
  3 gnolls (D:10)
  2 howler monkey skeletons
  12 adders
  2 oozes
  An adder zombie (Ossuary)
  An adder skeleton (D:8)
  2 dart slugs (D:1)
  4 leopard geckos
  46 orcs
  6 giant cockroaches
  2 gnoll zombies (Ossuary)
  7 goblins
  4 hobgoblins
  8 jackals
  A quokka (D:4)
  A ball python (D:5)
  5 bats
  6 frilled lizards
  4 goblin zombies (Ossuary)
  3 hobgoblin zombies (Ossuary)
  A jackal zombie (Ossuary)
  10 kobolds
  5 kobold zombies (Ossuary)
  2 leopard gecko skeletons
  2 orc zombies (Ossuary)
  A quokka skeleton (D:5)
  2 quokka zombies (Ossuary)
  7 rats
  6 rat zombies (Ossuary)
  A fungus (Lair:2)
319 creatures vanquished.

Vanquished Creatures (others)
  2 demonic plants (Gauntlet)
  A fungus (Lair:2)
  A plant (Gauntlet)
4 creatures vanquished.

Grand Total: 323 creatures vanquished

Notes
Turn   | Place    | Note
-------+----------+-------------------------------------------
     0 | D:1      | Hasart the Deep Elf Earth Elementalist began the quest for
                  | the Orb.
     0 | D:1      | Reached XP level 1. HP: 10/10 MP: 6/6
   214 | D:1      | Found a glowing golden altar of the Shining One.
   405 | D:1      | Reached XP level 2. HP: 15/15 MP: 6/8
   450 | D:1      | You fall through a shaft!
   884 | D:1      | Reached XP level 3. HP: 19/19 MP: 7/10
  1030 | D:1      | Learned a level 3 spell: Stone Arrow
  1290 | D:2      | Noticed Jessica
  1294 | D:2      | Killed Jessica
  1294 | D:2      | Reached skill level 1 in Conjurations
  1294 | D:2      | Reached XP level 4. HP: 24/24 MP: 8/11
  1699 | D:2      | Found a runed translucent door.
  1700 | D:2      | Noticed Crazy Yiuf
  1707 | D:2      | Killed Crazy Yiuf
  1707 | D:2      | Reached skill level 4 in Spellcasting
  2398 | D:4      | Noticed a phantom
  2406 | D:4      | Killed a phantom
  2406 | D:4      | Reached XP level 5. HP: 28/28 MP: 6/13
  2477 | D:4      | Found Got Fuaq's Armour Shop.
  2520 | D:4      | Reached XP level 6. HP: 32/32 MP: 6/15
  2628 | D:4      | Reached skill level 5 in Earth Magic
  2632 | D:4      | Reached skill level 5 in Spellcasting
  2712 | D:4      | Found Wel Walub's Weapon Shoppe.
  2722 | D:4      | Reached XP level 7. HP: 32/36 MP: 12/16
  2750 | D:4      | Found Qofuwal's Antique Weapon Shop.
  3133 | D:4      | Learned a level 5 spell: Lee's Rapid Deconstruction
  3220 | D:5      | Entered Level 5 of the Dungeon
  3226 | D:5      | Found a sand-covered staircase.
  3234 | Ossuary  | Entered an ossuary
  3406 | Ossuary  | Reached skill level 5 in Dodging
  3411 | Ossuary  | Reached skill level 5 in Conjurations
  3733 | Ossuary  | Reached skill level 6 in Spellcasting
  4017 | D:5      | Reached XP level 8. HP: 41/41 MP: 16/19
  4045 | D:5      | Found a staircase to the Ecumenical Temple.
  4053 | Temple   | Entered the Ecumenical Temple
  4333 | D:5      | Noticed Sigmund
  4340 | D:5      | Killed Sigmund
  4458 | D:5      | Reached skill level 7 in Spellcasting
  4823 | D:6      | Reached skill level 1 in Armour
  5050 | D:6      | Found a radiant altar of Vehumet.
  5051 | D:6      | Found a bloodstained altar of Trog.
  5051 | D:6      | Noticed Grinder
  5052 | D:6      | Found a snail-covered altar of Cheibriados.
  5063 | D:6      | Killed Grinder
  5063 | D:6      | Reached XP level 9. HP: 20/45 MP: 0/22
  5190 | D:6      | Became a worshipper of Vehumet
  5241 | D:6      | Reached skill level 8 in Spellcasting
  5390 | D:6      | Noticed Edmund
  5398 | D:6      | Killed Edmund
  5801 | D:6      | Found the +5 robe of Misfortune {*Contam Harm *Corrode
                  | *Drain *Slow EV+5}
  6307 | D:7      | Noticed a two-headed ogre
  6315 | D:7      | Killed a two-headed ogre
  6315 | D:7      | Reached skill level 9 in Spellcasting
  6564 | D:7      | Noticed a deep elf mage
  6571 | D:7      | Killed a deep elf mage
  6571 | D:7      | Reached XP level 10. HP: 19/50 MP: 17/25
  6577 | D:7      | Reached * piety under Vehumet
  6577 | D:7      | Offered knowledge of Flame Tongue by Vehumet.
  6983 | D:7      | Reached skill level 10 in Spellcasting
  7277 | D:7      | Noticed a brown ugly thing
  7315 | D:7      | Killed a brown ugly thing
  7972 | D:7      | Noticed a two-headed ogre
  7979 | D:7      | Killed a two-headed ogre
  8312 | D:8      | Reached skill level 11 in Spellcasting
  8360 | D:8      | Offered knowledge of Sting by Vehumet.
  8373 | D:8      | Reached ** piety under Vehumet
  8591 | D:8      | Found a staircase to the Lair.
  8628 | D:8      | Reached skill level 10 in Conjurations
  9136 | D:8      | Noticed a two-headed ogre
  9142 | D:8      | Killed a two-headed ogre
  9142 | D:8      | Reached XP level 11. HP: 54/54 MP: 15/28
  9227 | D:8      | Noticed a two-headed ogre
  9233 | D:8      | Killed a two-headed ogre
  9233 | D:8      | Reached skill level 12 in Spellcasting
  9233 | D:8      | Reached skill level 10 in Earth Magic
  9371 | D:8      | Found an ancient bone altar of Kikubaaqudgha.
  9542 | D:9      | Offered knowledge of Inner Flame by Vehumet.
  9980 | D:9      | Learned a level 2 spell: Swiftness
 10321 | D:9      | Reached *** piety under Vehumet
 10464 | D:9      | Found a staircase to the Orcish Mines.
 10790 | D:10     | Entered Level 10 of the Dungeon
 10807 | D:9      | Offered knowledge of Iskenderun's Mystic Blast by Vehumet.
 11414 | D:10     | Noticed Josephine
 11422 | D:10     | Killed Josephine
 11468 | D:11     | Reached **** piety under Vehumet
 11468 | D:11     | Reached skill level 13 in Spellcasting
 11603 | D:10     | Noticed a two-headed ogre
 11610 | D:10     | Killed a two-headed ogre
 11610 | D:10     | Offered knowledge of Bolt of Magma by Vehumet.
 11680 | D:10     | Killed an unseen horror
 12899 | D:11     | Noticed a skeletal warrior
 12901 | D:11     | Noticed a skeletal warrior
 12904 | D:11     | Killed a skeletal warrior
 12904 | D:11     | Reached skill level 14 in Spellcasting
 12905 | D:11     | Killed a skeletal warrior
 12905 | D:11     | Reached XP level 12. HP: 43/59 MP: 2/32
 13338 | Orc:1    | Entered Level 1 of the Orcish Mines
 13340 | Orc:1    | Noticed an orc warlord
 13502 | Lair:1   | Entered Level 1 of the Lair of Beasts
 13502 | Lair:1   | Found a gate leading to a gauntlet.
 13508 | Gauntlet | Entered a Gauntlet
 13508 | Gauntlet | Found a transporter.
 13508 | Gauntlet | Found a transporter.
 13515 | Gauntlet | Learned a level 5 spell: Bolt of Magma
 13517 | Gauntlet | Found a transporter.
 13517 | Gauntlet | Found a transporter.
 13533 | Gauntlet | Found a transporter.
 13542 | Gauntlet | Found a transporter.
 13545 | Gauntlet | Found a transporter.
 13553 | Gauntlet | Found a transporter.
 13568 | Gauntlet | Noticed a death yak
 13568 | Gauntlet | Noticed a death yak
 13569 | Gauntlet | Noticed a death yak
 13570 | Gauntlet | Found a transporter.
 13570 | Gauntlet | Noticed a death yak
 13589 | Gauntlet | Found a transporter.
 13593 | Gauntlet | Found a transporter.
 13597 | Gauntlet | Found a runed translucent door.
 13597 | Gauntlet | Found a runed translucent door.
 13601 | Gauntlet | Found a transporter.
 13736 | Lair:1   | You fall through a shaft!
 13762 | Lair:2   | Noticed Fannar
 13772 | Lair:2   | Killed Fannar
 13907 | Lair:2   | Slain by a hippogriff

Skill      XL: |  1  2  3  4  5  6  7  8  9 10 11 |
---------------+----------------------------------+-----
Earth Magic    | 4 5 6 7 8 9 11 | 11.4
Dodging        | 3 4 5 6 8 |  8.0
Conjurations   | 1 2 3 4 6 7 9 10 11 | 11.5
Spellcasting   | 4 5 6 7 9 11 14 | 14.7
Armour         | 2 4 |  4.0
Stealth        | |  2.4
Transmutations | |  1.1

Action                   |  1- 3 |  4- 6 |  7- 9 | 10-12 || total
-------------------------+-------+-------+-------+-------++-------
Melee: Dagger            |     3 |       |       |       ||     3
       Quarterstaff      |       |    11 |    32 |       ||    43
       Dire flail        |       |       |    14 |    55 ||    69
 Cast: Sandblast         |    38 |    49 |   114 |       ||   201
       Stone Arrow       |       |       |    57 |   201 ||   258
       Lee's Rapid Decon |       |       |     6 |    77 ||    83
Evoke: Wand              |       |       |     1 |       ||     1
  Use: Scroll            |       |       |       |     2 ||     2
  Eat: Chunk             |     1 |     4 |     6 |    21 ||    32
       Ration            |       |       |     2 |     3 ||     5
Armor: Robe              |     2 |     7 |     4 |    26 ||    39
       Leather armour    |       |       |    16 |       ||    16
Dodge: Dodged            |     3 |    27 |    68 |   107 ||   205
